 Dungeon Crawl Stone Soup version 0.23-a0-402-g64599a10a2 (webtiles) character file.

586509 Notair the Conqueror (level 26, -3/266 HPs)
             Began as a Minotaur Gladiator on Nov 4, 2018.
             Was the Champion of Okawaru.
             Slain by a black draconian
             ... wielding a +3 long sword
              (28 damage)
             ... on level 1 of the Realm of Zot.
             The game lasted 05:42:29 (73169 turns).

Notair the Conqueror (Minotaur Gladiator)          Turns: 73169, Time: 05:42:31

Health: -3/266     AC: 37    Str: 32    XL:     26   Next: 9%
Magic:  38/40      EV: 29    Int: 18    God:    Okawaru [******]
Gold:   6383       SH:  0    Dex: 19    Spells: 17/37 levels left

rFire    + + +     SeeInvis .   C - +9 bardiche (freeze)
rCold    + + .     Gourm    .   (shield currently unavailable)
rNeg     + . .     Faith    .   K - +8 fire dragon scales
rPois    .         Spirit   .   E - +2 hat {MR+}
rElec    +         Reflect  .   q - +2 cloak {MR+}
rCorr    +         Harm     .   V - +2 pair of gloves of Wisdom {rElec Str+6 Int+4}
MR       ++++.                  v - +2 pair of boots of the New World {rCorr Str+4}
Stlth    ..........             D - amulet "Peare" {rC+ MR+ Regen+ MP+9}
HPRegen  1.94/turn              Y - ring of positive energy
MPRegen  0.27/turn              N - ring "Igaamurr" {rF+ rC+ Int+5 Dex+4}

@: lethally poisoned (-3 -> -3), regenerating (expiring), studying Crossbows
A: retaliatory headbutt, horns 2, repulsion field 1, cold resistance 1,
deterioration 1, weak 1
}: 3/15 runes: serpentine, barnacled, silver
a: Heroism, Finesse, Renounce Religion


You were on level 1 of the Realm of Zot.
You worshipped Okawaru.
Okawaru was exalted by your worship.
You were not hungry.

You visited 10 branches of the dungeon, and saw 46 of its levels.
You also visited: Trove.

You collected 7988 gold pieces.
You spent 1605 gold pieces at shops.

Inventory:

Hand Weapons
 C - a +9 bardiche of freezing (weapon)
 Z - a +0 arbalest
Missiles
 A - 1235 bolts
 J - 12 throwing nets (quivered)
Armour
 q - a +2 cloak of magic resistance (worn)
 v - the +2 pair of boots of the New World (worn) {rCorr Str+4}
   (Okawaru gifted it to you on level 11 of the Dungeon)

   It affects your strength (+4).
   It provides partial protection from all sources of acid and corrosion.
 B - a scarf of cloud immunity
 E - a +2 hat of magic resistance (worn)
 K - +8 fire dragon scales (worn)
 V - the +2 pair of gloves of Wisdom (worn) {rElec Str+6 Int+4}
   (Okawaru gifted it to you on level 4 of the Depths)

   It affects your strength (+6).
   It affects your intelligence (+4).
   It insulates you from electricity.
Jewellery
 u - an uncursed ring of protection from magic
 D - the amulet "Peare" (around neck) {rC+ MR+ Regen+ MP+9}
   (You took it off a deep elf demonologist on level 3 of the Elven Halls)

   [amulet of regeneration]

   It protects you from cold.
   It affects your resistance to hostile enchantments.
   It affects your magic capacity (+9).
   It increases your rate of regeneration.
 N - the ring "Igaamurr" (right hand) {rF+ rC+ Int+5 Dex+4}
   (You found it on level 12 of the Dungeon)

   [ring of intelligence]

   It affects your intelligence (+5).
   It affects your dexterity (+4).
   It protects you from fire.
   It protects you from cold.
 O - the ring "Kopymm" {rPois Int-3 Dex+7 SInv Stlth+}
   (You found it on level 2 of the Snake Pit)

   [ring of stealth]

   It affects your intelligence (-3).
   It affects your dexterity (+7).
   It protects you from poison.
   It lets you see invisible.
   It makes you more stealthy.
 Y - a ring of positive energy (left hand)
Wands
 a - a wand of clouds (3)
 l - a wand of paralysis (18)
 t - a wand of flame (110)
 w - a wand of digging (9)
 z - a wand of acid (28)
 T - a wand of iceblast (39)
 W - a wand of polymorph (46)
Scrolls
 c - a scroll of vulnerability
 e - 6 scrolls of fear
 h - 13 scrolls of enchant armour
 i - a scroll of summoning
 k - 19 scrolls of remove curse
 n - 4 scrolls of enchant weapon
 r - 8 scrolls of immolation
 s - 9 scrolls of teleportation
 H - 10 scrolls of identify
 L - 2 scrolls of silence
 R - a scroll of blinking
 S - 3 scrolls of magic mapping
 U - 4 scrolls of fog
 X - 2 scrolls of brand weapon
Potions
 d - 2 potions of might
 g - 4 potions of mutation
 j - 6 potions of haste
 m - 20 potions of curing
 o - a potion of heal wounds
 p - 8 potions of lignification
 x - 4 potions of cancellation
 y - 4 potions of berserk rage
 F - 4 potions of flight
 G - 5 potions of agility
 I - a potion of invisibility
Books
 b - a manual of Crossbows
Miscellaneous
 P - 6 phantom mirrors
 Q - a fan of gales
Comestibles
 f - 66 rations


   Skills:
 O Level 27 Fighting
 O Level 27 Polearms
 - Level 2.0 Throwing
 + Level 20.6 Armour
 + Level 20.7 Dodging
 - Level 6.0 Spellcasting
 - Level 4.0 Hexes
 - Level 6.0 Charms
 - Level 4.0 Necromancy
 - Level 3.0 Translocations
 - Level 4.0 Transmutations
 - Level 5.0 Air Magic
 - Level 4.0 Earth Magic
 - Level 8.0 Invocations


You had 17 spell levels left.
You knew the following spells:

 Your Spells              Type           Power        Failure   Level  Hunger
a - Swiftness             Chrm/Air       ####....     3%          2    None
b - Deflect Missiles      Chrm/Air       ####......   97%         6    #######
c - Regeneration          Chrm/Necr      ###.......   8%          3    ##.....
d - Song of Slaying       Chrm           ####....     2%          2    None
e - Animate Skeleton      Necr           N/A          3%          1    None
f - Spectral Weapon       Hex/Chrm       ###.....     8%          3    ##.....
g - Apportation           Tloc           ###...       5%          1    None
h - Passwall              Tmut/Erth      ###.....     5%          2    None

Your spell library contained the following spells:

 Spells                   Type           Power        Failure   Level  Hunger
 Infusion                 Chrm           ####         1%          1    None
 Beastly Appendage        Tmut           ###...       3%          1    None
 Confusing Touch          Hex            ###...       3%          1    None
 Corona                   Hex            ###....      3%          1    None
 Sandblast                Erth           ###...       3%          1    None
 Shroud of Golubria       Chrm/Tloc      ###.......   4%          2    None
 Corpse Rot               Necr           N/A          5%          2    None
 Slow                     Hex            ###.....     5%          2    None
 Sticks to Snakes         Tmut           ###.....     5%          2    None
 Sublimation of Blood     Necr           ###.......   5%          2    None
 Shock                    Conj/Air       ##..         7%          1    None
 Blink                    Tloc           N/A          9%          2    None
 Confuse                  Hex            ###.....     11%         3    ##.....
 Tukima's Dance           Hex            ###.....     11%         3    ##.....
 Ensorcelled Hibernation  Hex/Ice        ##....       13%         2    None
 Lesser Beckoning         Tloc           ###.......   17%         3    ##.....
 Ozocubu's Armour         Chrm/Ice       ###.....     17%         3    ##.....
 Flame Tongue             Conj/Fire      #....        19%         1    None
 Magic Dart               Conj           #...         19%         1    None
 Summon Butterflies       Summ           #.......     19%         1    None
 Summon Small Mammal      Summ           #...         19%         1    None
 Static Discharge         Conj/Air       ##......     21%         3    ##.....
 Airstrike                Air            ###.......   24%         4    ####...
 Dazzling Spray           Conj/Hex       ##....       26%         3    ##.....
 Spider Form              Tmut/Pois      ##........   26%         3    ##.....
 Stone Arrow              Conj/Erth      ##....       26%         3    ##.....
 Call Imp                 Summ           #.......     28%         2    None
 Searing Ray              Conj           #.....       28%         2    None
 Throw Flame              Conj/Fire      #.....       28%         2    None
 Mephitic Cloud           Conj/Pois/Air  ##......     30%         3    ##.....
 Recall                   Summ/Tloc      N/A          30%         3    ##.....
 Ignite Poison            Fire/Tmut/Pois ##......     34%         3    ##.....
 Cause Fear               Hex            ###.......   36%         4    ####...
 Leda's Liquefaction      Hex/Erth       ###.......   36%         4    ####...
 Petrify                  Tmut/Erth      ###.....     36%         4    ####...
 Conjure Flame            Conj/Fire      #.......     50%         3    ##.....
 Excruciating Wounds      Chrm/Necr      ###.......   56%         5    #####..
 Ice Form                 Ice/Tmut       ##......     63%         4    ####...
 Silence                  Hex/Air        ###.......   63%         5    #####..
 Agony                    Necr           ###.....     71%         5    #####..
 Blade Hands              Tmut           ###.......   71%         5    #####..
 Dispel Undead            Necr           ###.....     71%         5    #####..
 Lee's Rapid Deconstruct  Erth           ###.......   71%         5    #####..
 Yara's Violent Unravell  Hex/Tmut       ###.......   71%         5    #####..
 Iskenderun's Battlesphe  Conj/Chrm      ###.....     83%         5    #####..
 Lightning Bolt           Conj/Air       ##........   88%         5    #####..
 Alistair's Intoxication  Tmut/Pois      ##......     93%         5    #####..
 Bolt of Draining         Conj/Necr      ##........   93%         5    #####..
 Irradiate                Conj/Tmut      ##........   93%         5    #####..
 Summon Mana Viper        Hex/Summ       ##......     93%         5    #####..
 Summon Forest            Summ/Tloc      ##........   96%         5    #####..
 Bolt of Magma            Conj/Fire/Erth ##........   97%         5    #####..
 Aura of Abjuration       Summ           #.........   99%         5    #####..
 Fireball                 Conj/Fire      #.........   99%         5    #####..
 Summon Demon             Summ           #.........   99%         5    #####..
 Venom Bolt               Conj/Pois      #.........   99%         5    #####..
 Death Channel            Necr           ###.......   99%         6    #######
 Hydra Form               Tmut           ###.......   99%         6    #######
 Invisibility             Hex            ###.....     99%         6    #######
 Statue Form              Tmut/Erth      ###......    99%         6    #######
 Bolt of Fire             Conj/Fire      #.........   100%        6    #######
 Iron Shot                Conj/Erth      ##........   100%        6    #######
 Shadow Creatures         Summ           N/A          100%        6    #######
 Simulacrum               Ice/Necr       ##........   100%        6    #######
 Dragon Form              Tmut           ###.......   100%        7    #######
 Orb of Destruction       Conj           #.........   100%        7    #######
 Ring of Flames           Chrm/Fire      ###.......   100%        7    #######
 Spellforged Servitor     Conj/Summ      #.........   100%        7    #######
 Discord                  Hex            ###.......   100%        8    #######
 Ignition                 Fire           #.........   100%        8    #######
 Dragon's Call            Summ           #.........   100%        9    #######


Dungeon Overview and Level Annotations

Branches:
Dungeon (15/15)            Temple (1/1) D:6            Lair (6/6) D:10
 Shoals (4/4) Lair:4        Snake (4/4) Lair:3        Slime (0/5) Lair:5
    Orc (2/2) D:10            Elf (3/3) Orc:2        Vaults (5/5) D:13
  Crypt (0/3) Vaults:3     Depths (5/5) D:15            Zot (1/5) Depths:5

Altars:
Cheibriados
Dithmenos
Elyvilon
Hepliaklqana
Kikubaaqudgha
Makhleb
Nemelex Xobeh
Okawaru
Qazlal
Ru
Sif Muna
Trog
Uskayaw
Vehumet
Xom
Yredelemnul
Beogh

Shops:
D:5 %   D:9 ?   D:13 [   D:15 ?   Orc:1 (   Orc:2 }[}(   Elf:2 (   Snake:3 :
Vaults:1 =   Vaults:3 *   Vaults:4 (   Depths:4 =}=

Portals:
Hell: Depths:1 Depths:2 Depths:3 Depths:4 Depths:5
Abyss: Depths:2 Depths:4
Pandemonium: Depths:1 Depths:3 Depths:4 Depths:5
Ziggurat: Depths:5

Annotations:
D:13 2 transporters, motoroller71's ghost, journeyman GnFi


Innate Abilities, Weirdness & Mutations

You reflexively headbutt those who attack you in melee.
You have a pair of horns on your head.
You are surrounded by a mild repulsion field. (EV +2)
Your flesh is cold resistant. (rC+)
Your body sometimes deteriorates upon taking damage.
You are weak. (Str -2)


Message History

The quicksilver dragon misses you. You furiously retaliate!
You headbutt the quicksilver dragon! The quicksilver dragon misses you.
Your skin is crawling a little less now.
You feel sick.
The red draconian knight casts a spell.
The red draconian knight flickers and vanishes!
Deactivating autopickup; reactivate with Ctrl-A.
The black draconian shifter gestures wildly while chanting.
The black draconian blinks!
The white draconian blinks!
The quicksilver dragon barely misses you.
You furiously retaliate!
You headbutt the quicksilver dragon. The quicksilver dragon misses you.
The white draconian closely misses you. The quicksilver dragon bites you!
* * * LOW HITPOINT WARNING * * *
The quicksilver dragon claws you.
* * * LOW HITPOINT WARNING * * *
The white draconian hits you with a +0 dire flail.
* * * LOW HITPOINT WARNING * * *
The black draconian hits you with a +3 long sword!!
You die...

###### #...(§......∩........+
.....# #.....^......./......#
.....###)..........[........#
####dd.'........^.[.........#
# #.###...........[>.......#
.....# #..............=.....+
###### #...§................#
# #............######+## #
#.......D@..⌠# #
#.....§.dd...# #
#.......q....# #
#............# #............+
#............# #............#
##############


You could see a black draconian (berserk), a white draconian (berserk), a black
draconian shifter and a quicksilver dragon (berserk).

Vanquished Creatures
  An ancient lich (Depths:5)
  Mennas (Depths:4)
  Boris (Depths:5)
  Margery (Depths:5)
  Saint Roka (Snake:4)
  5 golden dragons
  Nikola (Vaults:2)
  A bone dragon (Depths:5)
  A Tzitzimitl (Depths:4)
  7 tentacled monstrosities
  An Ice Fiend (Depths:3)
  A quicksilver dragon (shapeshifter) (Vaults:5)
  2 deep elf blademasters (Elf:3)
  3 quicksilver dragons
  3 titans
  3 liches
  Polyphemus (Shoals:2)
  Asterion (Snake:2)
  2 deep elf master archers (Elf:3)
  3 sphinxes
  Frances (Elf:1)
  9 shadow dragons
  5 storm dragons
  5 tengu reavers
  Kirke (Shoals:2)
  Ilsuiw (Shoals:2)
  8 nagarajas
  11 vault wardens
  5 deep elf sorcerers
  4 balrugs
  13 fire giants
  A cacodemon (Depths:2)
  2 iron dragons (Depths:4)
  2 caustic shrike zombies (Depths:4)
  2 draconian scorchers (Depths:5)
  2 angels (Depths:5)
  3 juggernaut zombies
  A ghoul (Vaults:4)
  3 deep elf elementalists (Elf:3)
  7 frost giants
  A juggernaut skeleton (Depths:4)
  A draconian stormcaller (Zot:1)
  21 stone giants
  The ghost of Meonost the Protected, a journeyman FoFi of the Shining One (Lair:5)
  The ghost of Meonost the Protected, a journeyman FoFi of the Shining One (Lair:5)
  4 entropy weavers
  2 spriggan defenders (Depths:4)
  5 reapers (Depths:4)
  2 caustic shrike skeletons (Depths:4)
  The ghost of Xerofum the Severer, a journeyman HOMo of Beogh (Lair:5)
  5 vampire knights
  21 ironheart preservers
  10 very ugly things
  12 deep elf annihilators
  2 black draconians
  13 deep elf demonologists
  2 green draconians (Zot:1)
  2 purple draconians (Depths:5)
  3 yellow draconians
  2 white draconians (Depths:5)
  A red draconian (Depths:5)
  The ghost of oberejnoburuli the Nimble, a journeyman OpMo of Ru (Lair:5)
  7 spark wasps (Depths:5)
  9 merfolk javelineers
  3 green deaths
  The ghost of runewalsh the Destroyer, a journeyman OpWz of Vehumet (Lair:5)
  22 ettins
  19 deep elf death magi
  Snorg (D:10)
  A crystal guardian (Vaults:3)
  A deep elf high priest (Elf:3)
  11 merfolk impalers
  9 fire dragons
  Josephine (Shoals:1)
  5 great orbs of eyes
  4 yaktaur captains
  6 rakshasas
  5 hydras
  3 spriggan air magi
  8 merfolk avatars
  33 vault guards
  17 ice dragons
  8 naga warriors
  11 centaur warriors
  A catoblepas (Shoals:2)
  A spectral sphinx (Depths:5)
  14 ogre magi
  3 alligator snapping turtles
  4 death knights
  7 anacondas
  54 two-headed ogres
  28 dancing weapons
  A queen ant (D:12)
  3 satyrs (Shoals:3)
  4 merfolk aquamancers
  8 death yaks
  6 tengu warriors
  14 deep troll shamans
  5 orc high priests
  2 shock serpents (shapeshifter)
  14 naga sharpshooters
  Urug (D:11)
  2 vampire magi
  13 deep troll earth magi
  7 spriggan berserkers
  30 hell knights
  7 shock serpents
  Sonja (D:13)
  7 soul eaters
  20 deep elf knights
  15 spriggans
  2 titan zombies (Depths:4)
  3 shadow wraiths
  A titan skeleton (Depths:5)
  2 sun demons (Depths:1)
  5 sixfirhies
  7 skeletal warriors
  12 sea snakes
  2 golden dragon zombies
  A sea snake (shapeshifter) (Vaults:4)
  7 iron trolls
  A death drake (shapeshifter) (Vaults:5)
  5 flayed ghosts
  4 storm dragon skeletons
  3 unseen horrors
  A spark wasp zombie (Depths:4)
  5 glowing orange brains
  44 deep trolls
  3 tengu zombies
  3 glowing orange brains (shapeshifter)
  6 naga ritualists
  21 deep elf archers
  An obsidian statue (Depths:1)
  10 ironbrand convokers
  5 phantasmal warriors
  5 wizards
  10 necromancers
  25 orc knights
  A sphinx zombie (Depths:4)
  9 mana vipers
  11 orc sorcerers
  A frost giant zombie (Depths:4)
  20 harpies
  80 deep elf magi
  A manticore (shapeshifter) (Vaults:4)
  39 slime creatures
  61 ugly things
  5 wolf spiders
  15 fauns
  12 cyclopes
  A salamander (Snake:3)
  2 tengu skeletons
  A moth of wrath (Zot:1)
  11 manticores
  An elephant (shapeshifter) (Depths:3)
  2 black mambas (shapeshifter)
  A fire giant skeleton (Depths:4)
  15 merfolk sirens
  2 ice statues (Depths:3)
  An elf zombie (Depths:4)
  2 rust devils
  5 smoke demons
  14 vault sentinels
  27 black mambas
  2 orange demons
  5 water nymphs
  2 guardian serpents
  2 torpor snails (shapeshifter)
  11 spiny frogs
  25 naga magi
  2 gargoyles (D:13)
  A spriggan skeleton (Depths:4)
  2 centaur skeletons
  A yaktaur zombie (D:15)
  2 rime drakes
  7 kobold demonologists
  An efreet (D:15)
  A rime drake (shapeshifter) (Vaults:4)
  4 small abominations
  2 spriggan zombies
  5 hellwings
  23 yaktaurs
  9 freezing wraiths
  4 ice devils
  6 komodo dragons
  48 merfolk
  A guardian mummy (Vaults:4)
  4 tengu conjurers
  2 human skeletons
  A jumping spider (Vaults:3)
  3 meliai (D:15)
  11 trolls
  6 polar bears
  7 wind drakes
  Prince Ribbit (D:5)
  2 polar bears (shapeshifter)
  A wolf spider simulacrum (D:14)
  A raiju (shapeshifter) (Vaults:4)
  9 hornets
  A slime creature (shapeshifter) (D:14)
  26 blink frogs
  16 hippogriffs
  A meliai zombie (D:13)
  A hippogriff (shapeshifter) (Depths:2)
  5 dream sheep
  A fire dragon zombie (D:15)
  9 snapping turtles
  13 water elementals
  2 elf skeletons (Depths:4)
  A redback (shapeshifter) (Depths:4)
  A tarantella (shapeshifter) (Vaults:1)
  2 shadows (D:13)
  3 air elementals
  10 redbacks
  A tarantella (Vaults:3)
  2 ynoxinuls
  29 yaks
  Eustachio (D:5)
  2 basilisks
  8 wraiths
  8 wyverns
  2 humans (shapeshifter)
  A fire elemental (Elf:2)
  2 hogs (shapeshifter) (Depths:3)
  5 humans (Depths:2)
  A chaos spawn (Depths:1)
  3 hungry ghosts
  3 vampire mosquitoes (D:12)
  3 elf simulacra (Depths:4)
  A neqoxec (Depths:3)
  12 wargs
  Edmund (D:5)
  41 nagas
  3 acid dragons
  25 soldier ants
  Duvessa (D:7)
  8 water moccasins
  A water moccasin (shapeshifter) (D:13)
  2 hornet zombies
  3 porcupines
  7 black bears
  6 ice beasts
  An ettin simulacrum (Vaults:4)
  An ogre (shapeshifter) (Depths:4)
  An eye of draining (shapeshifter) (Vaults:5)
  A necrophage (D:11)
  55 orc warriors
  3 phantoms
  33 ogres
  13 boggarts
  16 wolves (Lair:6)
  30 centaurs
  6 crocodiles
  A crocodile (shapeshifter) (Elf:3)
  4 big kobolds
  Blork the orc (D:4)
  17 bullfrogs
  2 wyvern zombies
  A deep troll simulacrum (Vaults:3)
  5 earth elementals
  A wyvern skeleton (D:13)
  Dowan (D:7)
  13 killer bees
  4 scorpions
  4 human simulacra
  A wight (D:13)
  2 electric eels (Lair:4)
  6 howler monkeys
  3 bullfrog zombies
  12 crimson imps
  4 centaur zombies
  4 quasits
  An iron imp (Depths:1)
  24 orc priests
  7 hounds
  5 jellies
  4 bullfrog skeletons
  Crazy Yiuf (D:2)
  A gnoll shaman (D:8)
  25 orc wizards
  5 iguanas
  Jessica (D:2)
  Natasha (thrice) (D:3)
  36 worker ants
  Terence (D:3)
  A hound zombie (D:8)
  A hound skeleton (D:6)
  5 gnolls
  A worker ant zombie (D:5)
  Robin (D:3)
  13 adders
  3 shadow imps
  3 white imps
  An ufetubus (Depths:4)
  An adder skeleton (D:4)
  3 worms
  3 dart slugs
  3 leopard geckos
  117 orcs
  4 ball pythons
  13 bats
  6 giant cockroaches
  18 goblins
  13 hobgoblins
  6 jackals
  5 quokkas
  7 frilled lizards
  2 goblin zombies (D:4)
  A jackal skeleton (D:5)
  16 kobolds
  A quokka skeleton (D:7)
  14 rats
  4 butterflies (D:10)
  2 crawling corpses (Elf:3)
  3 plants
2349 creatures vanquished.

Vanquished Creatures (collateral kills)
  A stone giant (Vaults:2)
  A vault sentinel (Vaults:3)
  A black mamba (Snake:1)
  An acid dragon (Vaults:2)
  An orc (Vaults:4)
5 creatures vanquished.

Vanquished Creatures (others)
  A fire giant (Vaults:5)
  A fire dragon (Depths:3)
  A deep elf knight (Vaults:5)
  A sea snake (Shoals:4)
  A deep elf mage (Elf:3)
  A necromancer (Depths:4)
  A tengu conjurer (Depths:2)
  4 humans (Shoals:2)
  A neqoxec (Depths:5)
  An orc warrior (Vaults:4)
  A boggart (Vaults:1)
  2 orc priests (Orc:2)
  An orc wizard (Orc:2)
  2 fungi
  30 plants
  15 spectral weapons
64 creatures vanquished.

Grand Total: 2418 creatures vanquished

Notes
Turn   | Place    | Note
-------+----------+-------------------------------------------
     0 | D:1      | Notair the Minotaur Gladiator began the quest for the Orb.
     0 | D:1      | Reached XP level 1. HP: 18/18 MP: 0/0
   165 | D:1      | Reached XP level 2. HP: 25/25 MP: 1/1
   369 | D:1      | Reached XP level 3. HP: 30/31 MP: 2/2
   693 | D:2      | Reached skill level 5 in Polearms
  1007 | D:2      | Noticed Jessica
  1012 | D:2      | Killed Jessica
  1012 | D:2      | Reached XP level 4. HP: 29/40 MP: 3/3
  1049 | D:2      | You fall through a shaft for 2 floors!
  1060 | D:4      | Noticed an ogre
  1063 | D:3      | Noticed Terence
  1071 | D:3      | Killed Terence
  1317 | D:2      | Found a runed door.
  1649 | D:2      | Noticed Crazy Yiuf
  1657 | D:2      | Killed Crazy Yiuf
  1657 | D:2      | Reached XP level 5. HP: 46/46 MP: 4/4
  1826 | D:3      | Noticed Robin
  1858 | D:3      | HP: 2/46 [poisoned by Robin]
  1865 | D:2      | HP: 2/46 [poisoned by Robin]
  1873 | D:2      | HP: 1/46 [poisoned by Robin]
  2175 | D:3      | Killed Robin
  2362 | D:3      | Noticed Natasha
  2369 | D:3      | Killed Natasha
  2388 | D:3      | Noticed Natasha
  2395 | D:3      | Killed Natasha
  2595 | D:3      | Found a basalt altar of Yredelemnul.
  2793 | D:3      | Noticed Natasha
  2797 | D:3      | Killed Natasha
  2797 | D:3      | Reached XP level 6. HP: 53/53 MP: 5/5
  2808 | D:4      | Reached skill level 5 in Fighting
  3264 | D:4      | Noticed Blork the orc
  3270 | D:4      | Killed Blork the orc
  3270 | D:4      | Reached XP level 7. HP: 61/61 MP: 6/6
  3370 | D:4      | Found a bloodstained altar of Trog.
  3575 | D:4      | Found a shimmering altar of Xom.
  4111 | D:5      | Entered Level 5 of the Dungeon
  4111 | D:5      | Noticed Prince Ribbit
  4126 | D:5      | Killed Prince Ribbit
  4143 | D:5      | Found Nucyd's Food Shop.
  4143 | D:5      | Noticed Edmund
  4162 | D:5      | Killed Edmund
  4191 | D:5      | Reached XP level 8. HP: 71/71 MP: 7/7
  4225 | D:5      | Reached skill level 10 in Polearms
  4265 | D:5      | Found a stormy altar of Qazlal.
  4337 | D:5      | Noticed Eustachio
  4347 | D:5      | Killed Eustachio
  4450 | D:5      | Found an ancient bone altar of Kikubaaqudgha.
  4453 | D:5      | Found a shadowy altar of Dithmenos.
  4471 | D:5      | Found a sparkling altar of Nemelex Xobeh.
  4485 | D:5      | Found a radiant altar of Vehumet.
  4788 | D:6      | Found a staircase to the Ecumenical Temple.
  4793 | Temple   | Entered the Ecumenical Temple
  4823 | Temple   | Became a worshipper of Warmaster Okawaru
  5109 | D:6      | Found a sacrificial altar of Ru.
  5263 | D:7      | Reached XP level 9. HP: 74/82 MP: 8/8
  5327 | D:7      | Reached * piety under Okawaru
  5921 | D:7      | Noticed Duvessa
  5921 | D:7      | Noticed Dowan
  5927 | D:7      | Killed Dowan
  5944 | D:7      | Killed Duvessa
  6663 | D:8      | Reached ** piety under Okawaru
  7110 | D:8      | Reached skill level 10 in Fighting
  7528 | D:8      | Reached XP level 10. HP: 93/93 MP: 9/9
  7939 | D:9      | Reached skill level 1 in Armour
  7948 | D:9      | Got a crude jade ring
  7955 | D:9      | Identified the ring of Mistrust {Wiz Str+3 Int+4} (You
                  | found it on level 9 of the Dungeon)
  7961 | D:9      | Found Itaguiph's Magic Scroll Shop.
  7966 | D:9      | Reached *** piety under Okawaru
  7966 | D:9      | Reached skill level 1 in Invocations
  7985 | D:9      | Bought a scroll of magic mapping for 56 gold pieces
  8660 | D:9      | Got a shimmering shield
  8666 | D:9      | Identified the +3 shield of Intuition {-Cast rF+ rN+++
                  | MP+9} (You found it on level 9 of the Dungeon)
  8715 | D:10     | Entered Level 10 of the Dungeon
  8801 | D:10     | Killed an unseen horror
  9116 | D:10     | Found a runed door.
  9130 | D:10     | Found a runed door.
  9143 | D:10     | Found a staircase to the Lair.
  9145 | D:10     | Found a staircase to the Orcish Mines.
  9260 | D:10     | Noticed Snorg
  9260 | D:10     | Noticed a two-headed ogre
  9267 | D:10     | Killed a two-headed ogre
  9267 | D:10     | Reached **** piety under Okawaru
  9267 | D:10     | Reached skill level 5 in Armour
  9286 | D:10     | Killed Snorg
  9664 | D:10     | Reached XP level 11. HP: 101/104 MP: 13/13
  9684 | D:10     | Reached skill level 5 in Invocations
  9716 | D:10     | Noticed a three-headed hydra
  9733 | D:10     | Killed a three-headed hydra
  9898 | D:10     | Reached ***** piety under Okawaru
 10522 | D:11     | Noticed a five-headed hydra
 10548 | D:11     | Killed a five-headed hydra
 10548 | D:11     | Received a gift from Okawaru
 10557 | D:11     | Got a pair of jewelled boots {god gift}
 10563 | D:11     | Identified the +2 pair of boots of the New World {rCorr
                  | Str+4} (Okawaru gifted it to you on level 11 of the
                  | Dungeon)
 10948 | D:11     | Noticed Urug
 10971 | D:11     | Killed Urug
 11000 | D:11     | Noticed a sixfirhy
 11235 | D:11     | Noticed an orc knight
 11264 | D:11     | Killed an orc knight
 11437 | D:11     | Found a sacrificial altar of Ru.
 11815 | D:12     | Reached XP level 12. HP: 97/115 MP: 13/16
 12053 | D:12     | Reached skill level 10 in Armour
 12089 | D:12     | Noticed an entropy weaver
 12110 | D:12     | Killed an entropy weaver
 12116 | D:12     | Received a gift from Okawaru
 12148 | D:12     | Noticed a queen ant
 12381 | D:12     | Reached ****** piety under Okawaru
 12393 | D:12     | Killed a queen ant
 12393 | D:12     | Received a gift from Okawaru
 12600 | D:12     | Noticed an entropy weaver
 12631 | D:12     | Killed an entropy weaver
 12950 | D:12     | Reached skill level 15 in Fighting
 12979 | D:12     | Got a faintly glowing turquoise ring
 13109 | D:13     | Noticed Sonja
 13153 | D:13     | Killed Sonja
 13273 | D:13     | Noticed a two-headed ogre
 13278 | D:13     | Killed a two-headed ogre
 13292 | D:13     | Found a gate to the Vaults.
 13292 | D:13     | Noticed a vault guard
 13292 | D:13     | Noticed a vault guard
 13292 | D:13     | Noticed a vault guard
 13292 | D:13     | Noticed a vault guard
 13617 | D:13     | Reached XP level 13. HP: 70/126 MP: 12/18
 13954 | D:13     | Found a transporter.
 13964 | D:13     | Noticed motoroller71's ghost (journeyman GnFi)
 13969 | D:13     | Received a gift from Okawaru
 14447 | D:13     | Identified the ring "Igaamurr" {rF+ rC+ Int+5 Dex+4} (You
                  | found it on level 12 of the Dungeon)
 14488 | D:13     | Reached skill level 15 in Polearms
 14878 | D:13     | Found a transporter.
 14958 | D:13     | Found Qich's Antique Armour Boutique.
 15406 | D:13     | Received a gift from Okawaru
 16570 | D:14     | Found a white marble altar of Elyvilon.
 17113 | D:15     | Entered Level 15 of the Dungeon
 17113 | D:15     | Found Nuopias's Magic Scroll Shop.
 17135 | D:15     | Bought a scroll of fog for 28 gold pieces
 17154 | D:15     | Reached XP level 14. HP: 137/138 MP: 19/19
 17553 | D:15     | Found a staircase to the Depths.
 18593 | D:15     | Received a gift from Okawaru
 18924 | Lair:1   | Entered Level 1 of the Lair of Beasts
 19902 | Lair:1   | Found a shadowy altar of Dithmenos.
 20559 | Lair:2   | Reached skill level 15 in Armour
 21215 | Lair:3   | Found a staircase to the Snake Pit.
 21873 | Lair:4   | Found a staircase to the Shoals.
 22149 | Lair:4   | Received a gift from Okawaru
 22785 | Lair:5   | Found a staircase to the Slime Pits.
 22820 | Lair:5   | Found a runed gate.
 22820 | Lair:5   | Found a runed gate.
 22820 | Lair:5   | Found a runed gate.
 22822 | Lair:5   | Noticed Meonost's ghost (journeyman FoFi)
 22823 | Lair:5   | Noticed oberejnoburuli's ghost (journeyman OpMo)
 22823 | Lair:5   | Noticed Xerofum's ghost (journeyman HOMo)
 22823 | Lair:5   | Noticed runewalsh's ghost (journeyman OpWz)
 22823 | Lair:5   | Noticed Meonost's ghost (journeyman FoFi)
 22881 | Lair:5   | Received a gift from Okawaru
 23234 | Lair:5   | Killed Xerofum's ghost
 23237 | Lair:5   | Killed Meonost's ghost
 23237 | Lair:5   | Reached XP level 15. HP: 144/149 MP: 13/20
 23241 | Lair:5   | Killed Meonost's ghost
 23245 | Lair:5   | Killed runewalsh's ghost
 23253 | Lair:5   | Killed oberejnoburuli's ghost
 23268 | Lair:5   | Got a coiled ivory ring
 23270 | Lair:5   | Identified the ring "Jigomiad" {rElec rF++ MR- Int+2 Dex-4}
                  | (You found it on level 5 of the Lair of Beasts)
 23344 | Lair:6   | Entered Level 6 of the Lair of Beasts
 24409 | Lair:6   | Received a gift from Okawaru
 25000 | Orc:1    | Entered Level 1 of the Orcish Mines
 25155 | Orc:1    | Gained mutation: Your body sometimes deteriorates upon
                  | taking damage. [a neqoxec]
 25378 | Orc:1    | Found Riurazxe's Weapon Shop.
 25620 | Orc:2    | Entered Level 2 of the Orcish Mines
 25620 | Orc:2    | Found a roughly hewn altar of Beogh.
 26835 | Orc:2    | Found a staircase to the Elven Halls.
 26909 | Orc:2    | Found Egoc's Weapon Shoppe.
 26909 | Orc:2    | Found Teddien's Gadget Shop.
 26917 | Orc:2    | Found Asusk's Gadget Shoppe.
 26917 | Orc:2    | Found Rofoth's Armour Shop.
 26930 | Orc:2    | Bought the +3 crown of Dyrovepreva {rElec Int+2 SInv} for
                  | 621 gold pieces
 26930 | Orc:2    | Found the +3 crown of Dyrovepreva {rElec Int+2 SInv}
 27111 | Snake:1  | Entered Level 1 of the Snake Pit
 27141 | Snake:1  | Received a gift from Okawaru
 27662 | Snake:1  | Reached XP level 16. HP: 145/160 MP: 10/21
 27934 | Snake:1  | Identified a scroll of acquirement
 28747 | Snake:2  | Got a transparent copper ring
 28828 | Snake:2  | Noticed Asterion
 28837 | Snake:2  | Killed Asterion
 29677 | Snake:3  | Found Viteif's Book Boutique.
 29817 | Snake:3  | Received a gift from Okawaru
 30054 | Snake:3  | Received a gift from Okawaru
 30208 | Snake:4  | Entered Level 4 of the Snake Pit
 30944 | Snake:4  | Identified the ring "Kopymm" {rPois Int-3 Dex+7 SInv
                  | Stlth+} (You found it on level 2 of the Snake Pit)
 30988 | Snake:4  | Noticed Saint Roka
 31019 | Snake:4  | Killed Saint Roka
 32123 | Snake:4  | Received a gift from Okawaru
 32123 | Snake:4  | Reached XP level 17. HP: 111/170 MP: 17/22
 32514 | Snake:4  | Received a gift from Okawaru
 33416 | Snake:4  | Identified the Tome of Earth
 33680 | Snake:4  | Got a serpentine rune of Zot
 33856 | Shoals:1 | Entered Level 1 of the Shoals
 34030 | Shoals:1 | Found a transporter.
 34180 | Shoals:1 | Found a transporter.
 34267 | Shoals:1 | Noticed Josephine
 34291 | Shoals:1 | Killed Josephine
 34805 | Shoals:1 | Reached skill level 5 in Dodging
 34822 | Shoals:1 | Received a gift from Okawaru
 35198 | Shoals:1 | Identified the +6 halberd of Wuyn {chop, *Corrode rElec
                  | Int+2} (Okawaru gifted it to you on level 1 of the Shoals)
 35935 | Shoals:2 | Received a gift from Okawaru
 35959 | Shoals:2 | Noticed Ilsuiw
 35997 | Shoals:2 | Killed Ilsuiw
 36460 | Shoals:2 | Noticed Kirke
 36468 | Shoals:2 | Killed Kirke
 36902 | Shoals:2 | Received a gift from Okawaru
 37198 | Shoals:2 | Reached XP level 18. HP: 170/182 MP: 23/23
 38333 | Shoals:2 | Noticed Polyphemus
 38740 | Shoals:2 | Killed Polyphemus
 39058 | Shoals:3 | Received a gift from Okawaru
 39949 | Shoals:4 | Entered Level 4 of the Shoals
 40055 | Shoals:3 | HP: 3/183 [sea snake (11)]
 41842 | Shoals:4 | Received a gift from Okawaru
 42589 | Shoals:4 | Got a barnacled rune of Zot
 43732 | Elf:1    | Entered Level 1 of the Elven Halls
 44033 | Elf:1    | Reached skill level 1 in Spellcasting
 44078 | Elf:1    | Identified Boruroic's Disquisition on Attacks
 44162 | Elf:1    | Noticed Frances
 44171 | Elf:1    | Killed Frances
 44171 | Elf:1    | Reached skill level 10 in Dodging
 44984 | Elf:2    | Found Geik's Antique Weapon Emporium.
 44990 | Elf:2    | Reached XP level 19. HP: 189/191 MP: 24/24
 45434 | Elf:2    | Identified the +7 plate armour "Zirchy" {rElec MP+9 Dex+2}
                  | (You found it on level 2 of the Elven Halls)
 45560 | Elf:2    | Found a runed gate.
 45560 | Elf:2    | Found a runed gate.
 45560 | Elf:2    | Found a runed gate.
 46479 | Elf:2    | Received a gift from Okawaru
 47090 | Elf:2    | Learned a level 2 spell: Swiftness
 47608 | Elf:3    | Entered Level 3 of the Elven Halls
 47811 | Elf:3    | Reached skill level 1 in Air Magic
 48292 | Elf:3    | Reached skill level 1 in Charms
 49474 | Elf:3    | Received a gift from Okawaru
 49504 | Elf:3    | Identified the amulet "Peare" {rC+ MR+ Regen+ MP+9}
 50181 | Elf:3    | Reached XP level 20. HP: 200/202 MP: 25/25
 50203 | Elf:3    | Identified the +1 short sword of Yesterday {venom, Dex+7}
 50397 | Elf:3    | Learned a level 6 spell: Deflect Missiles
 50498 | Elf:3    | Identified the Incunabulum of the Lethal Oath
 50824 | Vaults:1 | Entered Level 1 of the Vaults
 50951 | Vaults:1 | Gained mutation: Your body often deteriorates upon taking
                  | damage. [a neqoxec]
 51118 | Vaults:1 | Found Jeduips's Jewellery Boutique.
 51530 | Vaults:1 | Reached skill level 5 in Spellcasting
 51533 | Vaults:1 | Received a gift from Okawaru
 52058 | Vaults:1 | Received a gift from Okawaru
 52991 | Snake:3  | Bought a book of Battle for 600 gold pieces
 52991 | Snake:3  | Bought a book of Cantrips for 300 gold pieces
 53284 | Vaults:2 | Learned a level 3 spell: Regeneration
 53287 | Vaults:2 | Learned a level 2 spell: Song of Slaying
 53289 | Vaults:2 | Learned a level 1 spell: Animate Skeleton
 53338 | Vaults:2 | Learned a level 3 spell: Spectral Weapon
 53520 | Vaults:2 | Noticed Nikola
 53563 | Vaults:2 | Killed Nikola
 53738 | Vaults:2 | Received a gift from Okawaru
 53738 | Vaults:2 | Reached skill level 5 in Air Magic
 54034 | Vaults:2 | Reached skill level 1 in Necromancy
 54034 | Vaults:2 | Reached XP level 21. HP: 204/211 MP: 27/27
 54621 | Vaults:3 | Found a staircase to the Crypt.
 54621 | Vaults:3 | Found a basalt altar of Yredelemnul.
 54621 | Vaults:3 | Found an ancient bone altar of Kikubaaqudgha.
 55042 | Vaults:3 | Reached skill level 5 in Charms
 55374 | Vaults:3 | Found Guurghaj's Assorted Antiques.
 55827 | Vaults:3 | Received a gift from Okawaru
 56166 | Vaults:4 | Found a portal to a secret trove of treasure.
 57537 | Vaults:4 | Found Atwejixo's Antique Weapon Shoppe.
 57652 | Vaults:4 | Received a gift from Okawaru
 57947 | Vaults:4 | Reached XP level 22. HP: 189/222 MP: 28/28
 58130 | Vaults:4 | Identified the ring "Hileukk" {Int+4 SInv} (You acquired it
                  | on level 4 of the Vaults)
 58443 | Depths:1 | Entered Level 1 of the Depths
 58841 | Depths:1 | Received a gift from Okawaru
 58861 | Depths:1 | Reached skill level 1 in Hexes
 59048 | Depths:1 | Found a gateway to Hell.
 59067 | Depths:1 | Identified the +6 plate armour of Xous {rPois Str+6 Int+4
                  | Dex-3} (You found it on level 1 of the Depths)
 59134 | Depths:1 | Received a gift from Okawaru
 59448 | Depths:1 | Found a one-way gate leading to the halls of Pandemonium.
 59463 | Depths:1 | Reached skill level 15 in Dodging
 60466 | Depths:2 | Identified the ring "Pacsakh" {*Contam rN+ MP+9 Str+4}
 60959 | Depths:2 | Found a one-way gate to the infinite horrors of the Abyss.
 61081 | Depths:2 | Received a gift from Okawaru
 61308 | Depths:2 | Found a burning altar of Makhleb.
 61318 | Depths:2 | Gained mutation: Scrolls take you a little longer to read.
                  | [a cacodemon]
 61456 | Depths:2 | Found the +10 Black Knight's horse barding {ponderous,
                  | rPois rN+}
 61505 | Depths:2 | Found a runed door.
 61506 | Depths:2 | Found a runed door.
 61520 | Depths:2 | Identified the Catalogue of Shifting Stones
 61530 | Depths:2 | Learned a level 1 spell: Apportation
 62072 | Depths:2 | Reached XP level 23. HP: 220/232 MP: 29/29
 62267 | Depths:3 | Learned a level 2 spell: Passwall
 62906 | Vaults:4 | You paid a toll of a +5 demon trident to enter a treasure
                  | trove
 62907 | Trove    | Entered a treasure trove
 62913 | Trove    | Found the +8 glaive of the Guard {elec, +Rage AC+5 SInv}
 62913 | Trove    | Found the +13 scythe of Curses {drain, *Curse}
 62917 | Trove    | Identified the +1 pair of boots of Ipomolew {MR- Str+5
                  | Dex+5} (You found it in a treasure trove)
 62959 | Trove    | Identified the +5 plate armour of Tempters {Dex+3} (You
                  | found it in a treasure trove)
 63304 | Depths:3 | Reached skill level 1 in Transmutations
 63304 | Depths:3 | Reached skill level 1 in Earth Magic
 63385 | Depths:3 | Received a gift from Okawaru
 64024 | Depths:3 | Identified the +2 bardiche of Abuse {pain, *Drain rElec
                  | rPois rN+++} (You found it on level 3 of the Depths)
 64913 | Depths:3 | Gained mutation: You tend to lose your temper in combat. [a
                  | neqoxec]
 64920 | Depths:3 | Gained mutation: You are frail. (-10% HP) [a neqoxec]
 64926 | Depths:3 | Lost mutation: Scrolls take you a little longer to read.
                  | [potion of mutation]
 64926 | Depths:3 | Lost mutation: You tend to lose your temper in combat.
                  | [potion of mutation]
 64926 | Depths:3 | Lost mutation: You are frail. (-10% HP) [potion of
                  | mutation]
 64926 | Depths:3 | Gained mutation: You are robust. (+10% HP) [potion of
                  | mutation]
 64926 | Depths:3 | Gained mutation: Armour fits poorly on your strangely
                  | shaped body. [potion of mutation]
 64926 | Depths:3 | Gained mutation: Scrolls take you a little longer to read.
                  | [potion of mutation]
 64926 | Depths:3 | Gained mutation: You have a pair of large horns on your
                  | head. [potion of mutation]
 64927 | Depths:3 | Lost mutation: You are robust. (+10% HP) [potion of
                  | mutation]
 64927 | Depths:3 | Lost mutation: Scrolls take you a little longer to read.
                  | [potion of mutation]
 64927 | Depths:3 | Lost mutation: You have a pair of large horns on your head.
                  | [potion of mutation]
 64927 | Depths:3 | Lost mutation: Your body often deteriorates upon taking
                  | damage. [potion of mutation]
 64927 | Depths:3 | Gained mutation: Your flesh is cold resistant. (rC+)
                  | [potion of mutation]
 64927 | Depths:3 | Lost mutation: Armour fits poorly on your strangely shaped
                  | body. [potion of mutation]
 64927 | Depths:3 | Gained mutation: You are surrounded by a mild repulsion
                  | field. (EV +2) [potion of mutation]
 65178 | Depths:4 | Noticed Mennas
 65471 | Depths:4 | Received a gift from Okawaru
 66090 | Depths:4 | Found Tuch's Jewellery Shop.
 66091 | Depths:4 | Found Puas's Gadget Shoppe.
 66092 | Depths:4 | Found Qir Kig's Jewellery Shop.
 66395 | Depths:4 | Killed Mennas
 66395 | Depths:4 | Received a gift from Okawaru
 66445 | Depths:4 | Identified the +2 pair of gloves of Wisdom {rElec Str+6
                  | Int+4} (Okawaru gifted it to you on level 4 of the Depths)
 67162 | Depths:4 | Reached XP level 24. HP: 225/243 MP: 29/29
 67452 | Depths:4 | Found an ancient bone altar of Kikubaaqudgha.
 67521 | Depths:4 | Reached skill level 1 in Translocations
 68387 | Depths:4 | Got a fine pewter ring
 68444 | Depths:4 | Identified the ring "Katyucza" {rC+ Int+8} (You found it on
                  | level 4 of the Depths)
 68520 | Depths:5 | Entered Level 5 of the Depths
 68858 | Depths:5 | Received a gift from Okawaru
 68912 | Depths:5 | Noticed Boris
 68932 | Depths:5 | Killed Boris
 69130 | Depths:5 | Noticed an ancient lich
 69139 | Depths:5 | Killed an ancient lich
 69209 | Depths:5 | Received a gift from Okawaru
 69254 | Depths:5 | Identified Neph's Reference Book on Black Secrets
 69341 | Depths:5 | Found a gateway to a ziggurat.
 69387 | Depths:5 | Noticed Margery
 69400 | Depths:5 | Killed Margery
 69512 | Depths:5 | Gained mutation: You are weak. (Str -2) [a neqoxec]
 69740 | Depths:5 | Reached XP level 25. HP: 252/255 MP: 31/31
 69741 | Depths:5 | Found a gate to the Realm of Zot.
 70249 | Vaults:5 | Entered Level 5 of the Vaults
 70273 | Vaults:4 | Received a gift from Okawaru
 71039 | Vaults:5 | Reached skill level 27 in Fighting
 71279 | Vaults:5 | Identified the +11 morningstar of Precise Incision {drain,
                  | rF+}
 71289 | Vaults:5 | Received a gift from Okawaru
 71372 | Vaults:5 | Identified the +2 halberd of Fukledecw {pain, rElec rPois
                  | Str-3 Stlth+}
 71372 | Vaults:5 | Identified the +1 hand crossbow of Compassion {penet, rElec
                  | rC+++ Str-5 Dex-5}
 71454 | Vaults:5 | Identified the +1 shield of Minor Irritation {MR+}
 71683 | Vaults:5 | Identified the amulet "Josent" {rElec rPois rC+ Regen+}
                  | (You took it off a deep elf archer on level 5 of the
                  | Vaults)
 71813 | Vaults:5 | Identified Sif Muna's Grimoire of the Ashen Entourage
 71893 | Vaults:5 | Got a silver rune of Zot
 71995 | Vaults:5 | Received a gift from Okawaru
 72080 | Vaults:5 | Identified the +5 shortbow of Luocamav {venom, +Inv}
 72219 | Vaults:5 | Identified the Compendium of Talismans
 72888 | Zot:1    | Entered Level 1 of the Realm of Zot
 72912 | Zot:1    | Reached XP level 26. HP: 247/266 MP: 31/31
 73097 | Zot:1    | Reached skill level 27 in Polearms
 73169 | Zot:1    | Slain by a black draconian

Vault maps used:
D:1:      dpeg_arrival_ratfight, st_stairs_11, chequers_serial_rivers_micro_a,
          kennysheep_flooded_box
D:2:      lemuel_flame_loot_1, uniq_crazy_yiuf_cottage, uniq_jessica
D:3:      lemuel_doored_altar, chequers_mini_garden, uniq_terence, uniq_natasha,
          uniq_robin
D:4:      cheibrodos_old_hovel, bloody_trog, nicolae_overflow_crystal_walls,
          enter_ossuary_4, uniq_blork_the_orc
D:5:      nicolae_qazlal_general_emergency, grunt_temple_overflow_cloverleaf,
          first_ration, serial_shops, shop, uniq_edmund, uniq_prince_ribbit1,
          uniq_eustachio
D:6:      lemuel_coloured_pillars_altar, minmay_temple_entry_statues_pillars
D:7:      uniq_duvessa
D:9:      serial_shops, shop
D:10:     lemuel_insect_pit, lair_entry_dummy, orc_0_dummy, hangedman_ranch,
          lightli_corner_chamber, uniq_snorg
D:11:     basic_altar, grunt_ministairs_14, uniq_urug
D:12:     zaba_anthell
D:13:     four-leaf_vault, lightli_vaults_fourway_checkpoint,
          gammafunk_ghost_stat_death, serial_shops, nicolae_shop_statue_plus,
          lab_entry_generic, uniq_sonja
D:14:     basic_altar
D:15:     gammafunk_depths_entry_grave, nicolae_twisting_strands, serial_shops,
          shop
Temple:   nicolae_temple_god_jail
Lair:1:   basic_altar
Lair:3:   guppyfry_snake_entry_garden, serial_bayou_crossing,
          infiniplex_staircase_pool_2
Lair:4:   minmay_shoals_entry_hut, minivault_24, lemuel_fruit_tree,
          serial_bayou_shore_b, grunt_megastairs_1, infiniplex_staircase_pool
Lair:5:   slime_dummy, gammafunk_ghost_cemetery
Lair:6:   minmay_lair_end_enchanted_forest
Shoals:1: gammafunk_the_bubble, uniq_josephine
Shoals:2: nicolae_shoals_mertower, uniq_polyphemus, uniq_kirke, uniq_ilsuiw
Shoals:3: nicolae_shoals_circle_sea_wall, nicolae_shoals_flooded_hall
Shoals:4: shoals_end_hangedman, kb_tengu_band
Snake:1:  special_room
Snake:2:  uniq_asterion
Snake:3:  serial_shops, nicolae_shop_crystal, grunt_megastairs_2
Snake:4:  snake_pit, grunt_ministairs_10, spider_trap,
          hangedman_snake_wide_pillar_pass, uniq_saint_roka
Orc:1:    nicolae_orc_accident_1, serial_shops, nicolae_shop_behind_doors,
          mines_bat_river
Orc:2:    grunt_orc_tribal_feast, basic_altar
Elf:1:    minmay_elf_arrival_circle, minmay_elf_annihilation, uniq_frances
Elf:2:    serial_shops, shop
Elf:3:    elf_hall
Vaults:1: hangedman_vaults_stagger, vaults_mumra_minichess_inversion,
          nicolae_vaults_octagons, ontoclasm_vaults_hangar,
          ontoclasm_vaults_shuriken, nicolae_vaults_three_branches,
          nicolae_vaults_little_squares_6, serial_ice_g,
          nicolae_vaults_border_crossing, hangedman_vaults_cutoff, serial_shops,
          shop
Vaults:2: nicolae_vaults_alarming, v_misc_30, grunt_vaults_diagonal, v_misc_27,
          vaults_room_fours, nicolae_vaults_little_squares_3,
          nicolae_vaults_mini_display_case, v_alt_pattern_6,
          vaults_dpeg_encased_lava, ontoclasm_vaults_ring_small,
          vaults_room_ringed_pool, uniq_nikola
Vaults:3: hangedman_vaults_locks, ontoclasm_vaults_decontamination,
          minmay_crypt_entry_necro_gods, v_misc_30, hangedman_vaults_corner,
          v_alt_pattern_4, hangedman_vaults_nails,
          nicolae_vaults_network_periphery, hangedman_vaults_pinch, v_misc_23,
          ontoclasm_vaults_loading_screen, st_smaller_cells,
          nicolae_vaults_little_ls, vaults_dpeg_diagonal, serial_shops,
          nicolae_shop_crystal
Vaults:4: v_misc_9, vaults_dpeg_hooks, vaults_dpeg_ring,
          ontoclasm_vaults_loading_screen, nicolae_vaults_know_your_exits,
          ontoclasm_vaults_chip, nicolae_vaults_theta, hangedman_vaults_nails,
          serial_shops, shop, nicolae_trove_entry_path_of_doom
Vaults:5: serial_shops
Depths:1: lightli_too_deep, pan_entry, hangedman_devilish_allure
Depths:2: evilmike_makhleb_hellhole, hell_entry, kennysheep_nondescript,
          abyss_entry, kennysheep_big_empty_room
Depths:3: cheibrodos_salmonella, minmay_fountain_box, hangedman_coc_ice_floe,
          rand_demon_pan_entry_8, ice2_lemuel
Depths:4: evilmike_negative_zone, hangedman_abyss_entry_splay,
          grunt_decor_mini_mirrors, grunt_pan_entry_zigzag,
          pf_hell_entry_tar_spiral, infiniplex_staircase_spiral,
          minmay_shop_grove, uniq_mennas
Depths:5: grunt_zot_entry_gee_three, enter_ziggurat_d, special_room,
          rand_demon_pan_entry_1, minmay_hedge_maze, hell_entry, uniq_margery,
          uniq_boris
Trove:    trove_simple

Skill      XL: |  1  2  3  4  5  6  7  8  9 10 11 12 13 14 15 16 17 18 19 20 21 22 23 24 25 26 |
---------------+-------------------------------------------------------------------------------+-----
Polearms       | 4 5 6 7 8 9 11 13 14 15 17 18 19 20 21 22 23 24 25 26 27 | 27.0
Fighting       | 3 4 5 6 8 10 11 13 15 16 17 19 20 21 22 23 24 25 26 27 | 27.0
Armour         | 5 9 12 13 15 17 18 19 20 | 20.6
Invocations    | 4 7 8 |  8.0
Dodging        | 7 10 11 13 14 15 17 18 20 | 20.7
Spellcasting   | 1 4 5 6 |  6.0
Air Magic      | 2 5 |  5.0
Charms         | 2 4 6 |  6.0
Necromancy     | 1 4 |  4.0
Hexes          | 4 |  4.0
Transmutations | 4 |  4.0
Earth Magic    | 4 |  4.0
Translocations | 3 |  3.0
Throwing       | |  2.0

Action                   |  1- 3 |  4- 6 |  7- 9 | 10-12 | 13-15 | 16-18 | 19-21 | 22-24 | 25-27 || total
-------------------------+-------+-------+-------+-------+-------+-------+-------+-------+-------++-------
Melee: Trident           |   126 |    66 |     3 |    14 |       |       |       |       |       ||   209
       Headbutt          |    14 |    23 |    43 |   190 |   304 |   275 |   393 |   433 |   159 ||  1834
       Spear             |       |    47 |   317 |   748 |    14 |       |       |       |       ||  1126
       Punch             |       |       |       |     1 |       |       |       |       |       ||     1
       Glaive            |       |       |       |    61 |  1256 |  1663 |   611 |       |       ||  3591
       Bardiche          |       |       |       |       |       |       |  1059 |  1561 |   511 ||  3131
 Fire: Arbalest          |       |       |       |       |     1 |       |       |       |       ||     1
Throw: Throwing net      |       |     1 |       |     2 |       |     1 |     2 |       |       ||     6
 Cast: Swiftness         |       |       |       |       |       |       |     4 |     1 |     1 ||     6
       Animate Skeleton  |       |       |       |       |       |       |    14 |     5 |     1 ||    20
       Spectral Weapon   |       |       |       |       |       |       |     5 |    22 |     3 ||    30
       Regeneration      |       |       |       |       |       |       |     1 |     2 |    11 ||    14
       Apportation       |       |       |       |       |       |       |       |     1 |       ||     1
       Song of Slaying   |       |       |       |       |       |       |       |     3 |     3 ||     6
Invok: Heroism           |       |       |       |     2 |    11 |     6 |    13 |    18 |    10 ||    60
       Finesse           |       |       |       |       |     1 |     3 |       |     4 |     4 ||    12
Evoke: Wand              |       |       |       |     2 |       |       |     1 |     4 |       ||     7
  Use: Scroll            |       |     5 |     9 |     5 |    10 |    10 |    21 |    14 |     4 ||    78
       Potion            |       |       |       |       |     3 |     3 |     3 |     6 |     2 ||    17
 Stab: Held in net/web   |       |     1 |       |     1 |       |       |     1 |       |       ||     3
       Distracted        |       |       |       |       |       |       |     5 |     7 |       ||    12
       Invisible         |       |       |       |       |       |       |     2 |       |       ||     2
  Eat: Chunk             |       |     7 |    15 |    17 |    40 |    20 |    31 |    20 |     3 ||   153
       Ration            |       |       |       |     1 |     2 |    11 |     4 |     6 |     3 ||    27
Armor: Leather armour    |    15 |     8 |       |       |       |       |       |       |       ||    23
       Chain mail        |       |    24 |    54 |       |       |       |       |       |       ||    78
       Plate armour      |       |       |    17 |   296 |   649 |   785 |   186 |       |       ||  1933
       Fire dragon scale |       |       |       |       |       |       |   331 |   698 |   215 ||  1244
Dodge: Dodged            |    63 |    33 |    69 |   146 |   450 |   609 |   856 |  1356 |   513 ||  4095
Block: Other             |       |       |       |       |    74 |   233 |    84 |       |       ||   391
       Reflection        |       |       |       |       |     3 |    53 |     9 |       |       ||    65

Table legend:
 A = Non-vault XP
 B = Vault XP
 C = Vault XP percentage of total XP
 D = Non-vault monster count
 E = Vault monster count
 F = Vault count percentage of total count
                 A         B        C        D         E       F
            +---------+---------+-------+---------+---------+-------
      Total |  662642 |  669903 |  50.3 |    1448 |     904 |  38.4
            +---------+---------+-------+---------+---------+-------
        D:1 |      53 |      10 |  15.9 |      31 |       8 |  20.5
        D:2 |      37 |      77 |  67.5 |      20 |       2 |   9.1
        D:3 |     115 |     102 |  47.0 |      25 |      14 |  35.9
        D:4 |     307 |     140 |  31.3 |      16 |       4 |  20.0
        D:5 |     613 |     655 |  51.7 |      22 |       3 |  12.0
        D:6 |     599 |       0 |   0.0 |      11 |       0 |   0.0
        D:7 |    1069 |     222 |  17.2 |      17 |       2 |  10.5
        D:8 |    1641 |       0 |   0.0 |      34 |       0 |   0.0
        D:9 |    1461 |       0 |   0.0 |      28 |       0 |   0.0
       D:10 |    2777 |    3835 |  58.0 |      20 |      19 |  48.7
       D:11 |    6381 |    1450 |  18.5 |      49 |       3 |   5.8
       D:12 |    5870 |    7956 |  57.5 |      29 |      45 |  60.8
       D:13 |   11326 |   12097 |  51.6 |      44 |      29 |  39.7
       D:14 |    5193 |       0 |   0.0 |      20 |       0 |   0.0
       D:15 |    8715 |    4736 |  35.2 |      26 |       8 |  23.5
     Lair:1 |    7858 |       0 |   0.0 |      29 |       0 |   0.0
     Lair:2 |    5084 |       0 |   0.0 |      13 |       0 |   0.0
     Lair:3 |    3320 |     480 |  12.6 |      15 |       3 |  16.7
     Lair:4 |    3160 |     325 |   9.3 |      14 |       2 |  12.5
     Lair:5 |    4196 |    6667 |  61.4 |      13 |       5 |  27.8
     Lair:6 |    7690 |    8456 |  52.4 |      29 |      45 |  60.8
   Shoals:1 |   11935 |   10075 |  45.8 |      24 |      20 |  45.5
   Shoals:2 |   23541 |   20612 |  46.7 |      50 |      21 |  29.6
   Shoals:3 |   14904 |    6510 |  30.4 |      29 |      12 |  29.3
   Shoals:4 |   11142 |   19700 |  63.9 |      24 |      31 |  56.4
    Snake:1 |   17653 |       0 |   0.0 |      34 |       0 |   0.0
    Snake:2 |    4391 |    2419 |  35.5 |      10 |       1 |   9.1
    Snake:3 |   16027 |    3202 |  16.7 |      28 |       8 |  22.2
    Snake:4 |   10267 |   40031 |  79.6 |      24 |      66 |  73.3
      Orc:1 |    3686 |    1627 |  30.6 |      26 |      10 |  27.8
      Orc:2 |    4720 |    7692 |  62.0 |      35 |      28 |  44.4
      Elf:1 |   12670 |    8134 |  39.1 |      26 |      10 |  27.8
      Elf:2 |   26333 |   21854 |  45.4 |      45 |      29 |  39.2
      Elf:3 |   17426 |   42035 |  70.7 |      28 |      29 |  50.9
   Vaults:1 |   35556 |   37811 |  51.5 |      66 |      64 |  49.2
   Vaults:2 |   19224 |   12823 |  40.0 |      35 |      14 |  28.6
   Vaults:3 |   38073 |   25139 |  39.8 |      68 |      42 |  38.2
   Vaults:4 |   55458 |   38548 |  41.0 |      93 |      46 |  33.1
   Vaults:5 |   28361 |  106569 |  79.0 |      41 |      67 |  62.0
   Depths:1 |   45844 |    9687 |  17.4 |      60 |      19 |  24.1
   Depths:2 |   47249 |   27114 |  36.5 |      55 |      37 |  40.2
   Depths:3 |   34618 |   38811 |  52.9 |      53 |      42 |  44.2
   Depths:4 |   47745 |   57606 |  54.7 |      46 |      59 |  56.2
   Depths:5 |   34918 |   84696 |  70.8 |      31 |      57 |  64.8
      Zot:1 |   23436 |       0 |   0.0 |      12 |       0 |   0.0
            +---------+---------+-------+---------+---------+-------
